 Dungeon Crawl Stone Soup version 0.17.1-3-g152610e (webtiles) character file.

140 moxian the Charmwright (level 5, -1/35 HPs)
             Began as a High Elf Skald on Apr 17, 2016.
             Slain by moxian's ghost (4 damage)
             ... on level 3 of the Dungeon.
             The game lasted 00:16:51 (3844 turns).

moxian the Charmwright (High Elf Skald)             Turns: 3844, Time: 00:16:51

Health: -1/35      AC:  5    Str: 12    XL:     5   Next: 2%
Magic:  0/11       EV:  7    Int: 16    God:
Gold:   150        SH:  0    Dex: 14    Spells: 3 memorised, 5 levels left

rFire  . . .     SeeInvis .     a - +0 falchion
rCold  . . .     Clarity  .     p - +0 leather armour (curse)
rNeg   . . .     SustAt   +     (no shield)
rPois  .         Gourm    .     (no helmet)
rElec  .         Spirit   .     k - +1 cloak
rCorr  .         Warding  .     (no gloves)
rMut   .         Stasis   .     (no boots)
MR     .....                    (no amulet)
Stlth  ++........               (no ring)
                                t - ring of sustain attributes

@: not resistant to hostile enchantments, unstealthy
A: no striking features
a: no special abilities


You were on level 3 of the Dungeon.
You were not hungry.

You visited 1 branch of the dungeon, and saw 4 of its levels.

You collected 150 gold pieces.

Inventory:

Hand Weapons
 a - a +0 falchion (weapon)
Missiles
 e - 144 stones (quivered)
 h - 3 javelins
 i - 8 arrows
 j - 3 needles of slowing
 w - 17 arrows of flame
 y - 37 bolts
Armour
 b - a +0 leather armour
 k - a +1 cloak (worn)
 l - a +0 ring mail
 p - a cursed +0 leather armour (worn)
Jewellery
 t - a ring of sustain attributes (left hand)
Scrolls
 o - a scroll of teleportation {unknown}
 q - a scroll of identify
 s - a scroll of enchant weapon {unknown}
 v - 2 scrolls of amnesia
 B - a scroll of remove curse
Potions
 f - 2 potions of brilliance {unknown}
 g - a potion of resistance
 n - a potion of lignification {unknown}
 r - 2 potions of flight
 u - a potion of heal wounds {unknown}
 x - a potion of ambrosia {unknown}
 z - a potion of curing {unknown}
Books
 c - a book of Battle

   Spells                             Type                      Level
   a - Infusion                       Charms                       1
   b - Shroud of Golubria             Charms/Translocation         2
   c - Song of Slaying                Charms                       2
   d - Spectral Weapon                Hexes/Charms                 3
   e - Regeneration                   Charms/Necromancy            3
Comestibles
 d - 4 bread rations
 m - 2 fruits
 A - a slice of pizza
 C - 3 chunks of flesh


   Skills:
 + Level 2.6 Fighting
 + Level 3.2 Long Blades
 + Level 1.4 Armour
 + Level 1.8 Dodging
 + Level 1.2 Stealth
 + Level 3.5 Spellcasting
 + Level 0.4 Hexes
 + Level 4.2 Charms
 + Level 1.0 Translocations


You had 5 spell levels left.
You knew the following spells:

 Your Spells              Type           Power        Failure   Level  Hunger
a - Infusion              Chrm           ###...       4%          1    None
b - Shroud of Golubria    Chrm/Tloc      ##........   12%         2    ##.....
c - Spectral Weapon       Hex/Chrm       ##......     28%         3    ###....


Dungeon Overview and Level Annotations

Branches:
Dungeon (4/15)
 Temple: D:4-7

Altars:
Cheibriados
Gozag
Kikubaaqudgha
Qazlal
Trog

Annotations:
D:3 moxian's ghost, amateur HESk


Message History

Moxian's ghost hits you.
Your magical contamination has completely faded away.
You hit moxian's ghost but do no damage.
Moxian's ghost is moderately damaged.
You are no longer magically infusing your attacks.
Your spectral weapon misses moxian's ghost.
Moxian's ghost hits you.
* * * LOW HITPOINT WARNING * * *
You hit moxian's ghost but do no damage.
Moxian's ghost is moderately damaged.
Your spectral weapon misses moxian's ghost.
Moxian's ghost barely misses you.
You closely miss moxian's ghost.
Moxian's ghost is moderately damaged.
Your spectral weapon hits moxian's ghost but does no damage.
Moxian's ghost hits you!
* * * LOW HITPOINT WARNING * * *
Moxian's ghost hits you but does no damage.
Moxian's ghost hits you.
You die...

,,,,* #.#.##.###..##### ,,,#****
#.#.#...........######
,*,#...#####.#...................
,,,#....$...........#..###..._...
,,,..W...###...........###.......
,,,.###..###...<.......##........
,,,** ##.....................⌠...
*,*,***.####...W......##.........
*,**,*,** #...(@.....##..._..._.
,,**,,*****#....)...######.......
****,*,,,,,#..##.##.## ###...##
.$,,,,,***,#..##.##..# #.###
.#****,* *,#..,..###.# #.# .#
*,###,#.##...,..# #.# .#
#....,..*####*#.# #.### .#
#.#=#**** #.#######...##
.#####.#.# #....>........


You could see moxian's ghost.

Vanquished Creatures
  4 adders
  A river rat (D:3)
  An ooze (D:2)
  3 worms (D:2)
  4 giant geckos
  6 orcs (D:3)
  3 bats
  5 giant cockroaches
  9 hobgoblins
  6 jackals (D:1)
  10 kobolds
  2 quokkas
  5 giant newts
  9 goblins
  7 rats
75 creatures vanquished.

Vanquished Creatures (others)
  A spectral weapon (D:1)
1 creature vanquished.

Grand Total: 76 creatures vanquished

Notes
Turn   | Place    | Note
--------------------------------------------------------------
     0 | D:1      | moxian the High Elf Skald began the quest for the Orb.
     0 | D:1      | Reached XP level 1. HP: 14/14 MP: 4/4
    71 | D:1      | Found a snail-covered altar of Cheibriados.
   165 | D:1      | Reached skill level 1 in Armour
   485 | D:1      | Reached XP level 2. HP: 16/19 MP: 2/6
   489 | D:1      | Learned a level 2 spell: Shroud of Golubria
   857 | D:1      | Reached XP level 3. HP: 17/25 MP: 5/8
  1949 | D:2      | Reached skill level 4 in Charms
  1957 | D:2      | Learned a level 3 spell: Spectral Weapon
  2017 | D:2      | Reached XP level 4. HP: 16/30 MP: 7/9
  2295 | D:2      | Found an ancient bone altar of Kikubaaqudgha.
  2351 | D:3      | Reached skill level 1 in Stealth
  2362 | D:3      | Found an opulent altar of Gozag.
  2368 | D:3      | Noticed a black bear
  2416 | D:1      | HP: 1/30 [black bear (2)]
  2831 | D:3      | Found a stormy altar of Qazlal.
  3013 | D:3      | Reached skill level 1 in Translocations
  3455 | D:3      | Found a bloodstained altar of Trog.
  3486 | D:3      | Noticed moxian's ghost (amateur HESk)
  3759 | D:4      | Reached XP level 5. HP: 33/35 MP: 11/11
  3844 | D:3      | Slain by moxian's ghost

Action                   |  1- 3 |  4- 6 || total
-------------------------+-------+-------++-------
Melee: Falchion          |   165 |   144 ||   309
 Cast: Infusion          |     2 |     7 ||     9
       Shroud of Golubri |    14 |     9 ||    23
       Spectral Weapon   |     1 |     3 ||     4
  Use: Scroll            |       |     6 ||     6
       Potion            |       |     1 ||     1
 Stab: Sleeping          |       |     3 ||     3
  Eat: Chunk             |     5 |     7 ||    12
